 Dungeon Crawl Stone Soup version 0.19.1 (webtiles) character file.

67 GrittyGramps the Sneak (level 3, 0/25 HPs)
             Began as a Vampire Fire Elementalist on Dec 16, 2016.
             Slain by an adder (5 damage)
             ... on level 3 of the Dungeon.
             The game lasted 00:11:35 (2525 turns).

GrittyGramps the Sneak (Vampire Fire Elementalist)  Turns: 2525, Time: 00:11:36

Health: 0/25       AC:  2    Str:  8    XL:     3   Next: 98%
Magic:  2/6        EV: 12    Int: 17    God:
Gold:   160        SH:  3    Dex: 14    Spells: 3 memorised, 0 levels left

rFire  + . .     SeeInvis +     (no weapon)
rCold  + + .     Gourm    .     a - +0 robe
rNeg   + + .     Faith    .     i - +0 buckler
rPois  +         Spirit   .     (no helmet)
rElec  +         Reflect  .     (no cloak)
rCorr  +         Harm     .     (no gloves)
MR     .....                    (no boots)
Stlth  +++.......               (no amulet)
                                (no ring)
                                d - ring of flight

@: lethally poisoned (0 -> -10), resistant, regenerating slowly
A: fangs 3, see invisible, unbreathing
a: Bat Form, Evoke Flight


You were on level 3 of the Dungeon.
You were thirsty.

You visited 1 branch of the dungeon, and saw 3 of its levels.

You collected 160 gold pieces.

Inventory:

Armour
 a - a +0 robe (worn)
 i - a +0 buckler (worn)
 l - a cursed +0 chain mail
Jewellery
 c - a +4 ring of intelligence {unknown}
 d - a ring of flight (left hand)
 e - an uncursed ring of stealth {unknown}
 h - a cursed -4 ring of strength {unknown}
Potions
 g - 4 potions of blood
 k - a potion of mutation {unknown}
Books
 b - a book of Flames

   Spells                             Type                      Level
   a - Flame Tongue                   Conjuration/Fire             1
   b - Throw Flame                    Conjuration/Fire             2
   c - Conjure Flame                  Conjuration/Fire             3
   d - Inner Flame                    Hexes/Fire                   3
   e - Sticky Flame                   Conjuration/Fire             4
   f - Fireball                       Conjuration/Fire             5


   Skills:
 * Level 0.6 Fighting
 * Level 2.8 Dodging
 * Level 3.6 Stealth
 * Level 0.9 Unarmed Combat
 + Level 2.4 Spellcasting
 * Level 1.1 Conjurations
 + Level 2.7 Fire Magic
 + Level 0.5 Evocations


You couldn't memorise any spells.
You knew the following spells:

 Your Spells              Type           Power        Failure   Level  Hunger
a - Flame Tongue          Conj/Fire      #....        14%         1    #......
b - Throw Flame           Conj/Fire      #.....       21%         2    ##.....
c - Conjure Flame         Conj/Fire      #.......     41%         3    ###....


Dungeon Overview and Level Annotations

Branches:
Dungeon (3/15)

Altars:

Annotations:
D:2 Jessica


Innate Abilities, Weirdness & Mutations

You heal slowly.
You have razor-sharp teeth.
You have supernaturally acute eyesight. (SInv)
You can survive without breathing.


Message History

You feel sick. The adder closely misses you. The adder bites you.
Casting: Throw Flame
Confirm with . or Enter, or press ? or * to list all spells.
You don't have enough magic to cast that spell.
Unknown command.
You feel sick.
You hit the adder.
The adder is almost dead.
You feel sick. The adder bites you.
You hit the adder.
The adder is almost dead.
The adder misses you. The adder barely misses you.
It was a potion of resistance.
You feel protected.
You feel sick. The adder bites you.
* * * LOW HITPOINT WARNING * * *
You block the adder's attack.
* * * LOW HITPOINT WARNING * * *
You feel sick. The adder bites you.
You die...

... ##.##
## .......
##...#.
..... ...
##### #.#
......###.#
#.....@S.#
##########


You could see an adder.

Vanquished Creatures
  An ooze (D:1)
  3 dart slugs (D:1)
  6 leopard geckos
  A ball python (D:2)
  5 bats (D:1)
  3 giant cockroaches (D:1)
  8 goblins
  4 hobgoblins
  3 jackals (D:2)
  3 frilled lizards
  3 kobolds (D:1)
  8 rats
  A fungus (D:1)
49 creatures vanquished.

Notes
Turn   | Place    | Note
-------+----------+-------------------------------------------
     0 | D:1      | GrittyGramps the Vampire Fire Elementalist began the quest for the Orb.
     0 | D:1      | Reached XP level 1. HP: 13/13 MP: 3/3
   410 | D:1      | Reached XP level 2. HP: 4/19 MP: 0/5
   414 | D:1      | Learned a level 2 spell: Throw Flame
  1230 | D:1      | Reached XP level 3. HP: 19/25 MP: 2/6
  1236 | D:1      | Learned a level 3 spell: Conjure Flame
  1540 | D:1      | Reached skill level 1 in Conjurations
  1922 | D:2      | Noticed Jessica
  1955 | D:2      | HP: 1/25 [hobgoblin/mace (8)]
  2493 | D:2      | You fall through a shaft!
  2525 | D:3      | Slain by an adder

Skill      XL: |  1  2  3 |
---------------+----------+-----
Conjurations   | 1 |  1.1
Fighting       | |  0.6
Dodging        | |  2.8
Stealth        | |  3.6
Unarmed Combat | |  0.9
Spellcasting   | |  2.4
Fire Magic     | |  2.7
Evocations     | |  0.5

Action                   || total
-------------------------++-------
Melee: Unarmed           ||   184
       Bite              ||    19
 Cast: Flame Tongue      ||     9
       Throw Flame       ||    47
 Abil: Evoke Flight      ||     1
       End Transformatio ||     1
       Bat Form          ||     1
  Use: Potion            ||     9
       Scroll            ||     2
 Stab: Sleeping          ||     1
Armor: Robe              ||    24
Dodge: Dodged            ||   101
Block: Buckler           ||     6
